 Dungeon Crawl Stone Soup version 0.22-a0-247-gbddf880 (webtiles) character file.

14129 b5mith the Fighter (level 11, -10/104 HPs)
             Began as a Minotaur Berserker on Feb 24, 2018.
             Was a High Priest of Trog.
             Mangled by a white very ugly thing (40 damage)
             ... on level 3 of the Abyss.
             The game lasted 00:31:23 (12813 turns).

b5mith the Fighter (Minotaur Berserker)            Turns: 12813, Time: 00:31:23

Health: -10/104    AC: 10    Str: 25    XL:     11   Next: 84%
Magic:  10/10      EV: 18    Int:  4    God:    Trog [*****.]
Gold:   701        SH:  0    Dex: 12    Spells: 10/10 levels left

rFire    . . .     SeeInvis .   F - +0 double sword
rCold    . . .     Gourm    .   (no shield)
rNeg     . . .     Faith    .   P - +0 steam dragon scales
rPois    +         Spirit   .   (helmet restricted)
rElec    .         Reflect  .   A - +0 cloak
rCorr    .         Harm     .   (no gloves)
MR       .....                  m - +0 pair of boots
Stlth    +.........             O - amulet of regeneration
HPRegen  0.67/turn              G - ring of poison resistance
MPRegen  0.12/turn              S - +2 ring of strength

@: no status effects
A: retaliatory headbutt, horns 2
a: Berserk, Trog's Hand, Brothers in Arms, Renounce Religion


You were on level 3 of the Abyss.
You worshipped Trog.
Trog was extremely pleased with you.
You were not hungry.

You visited 2 branches of the dungeon, and saw 12 of its levels.
You visited the Abyss 1 time.

You collected 791 gold pieces.
You spent 90 gold pieces at shops.

Inventory:

Hand Weapons
 a - a +0 falchion
 p - a +0 falchion of pain
 E - a +0 scimitar of flaming
 F - a +0 double sword (weapon)
 I - the +3 fustibalus of Asaism {freeze, Fragile rN+ Str+4, unknown}
   (Trog gifted it to you on level 10 of the Dungeon)

   It causes projectiles fired from it to freeze those they strike, causing
   extra injury to most foes and up to half again as much damage against
   particularly susceptible opponents.
   They can also slow down cold-blooded creatures.
   It affects your strength (+4).
   It protects you from negative energy.
   It will be destroyed if unequipped.
 L - a +2 dagger of flaming
Missiles
 r - 9 tomahawks (quivered)
 H - 6 javelins of returning
Armour
 b - a +0 animal skin
 h - a +1 ring mail of fire resistance
 m - a +0 pair of boots (worn)
 A - a +0 cloak (worn)
 P - +0 steam dragon scales (worn)
Jewellery
 G - a ring of poison resistance (left hand)
 O - an amulet of regeneration (around neck)
 Q - an uncursed ring of poison resistance
 R - an uncursed ring of positive energy {unknown}
 S - a +2 ring of strength (right hand)
Wands
 z - a wand of paralysis (8)
 T - a wand of enslavement (8)
Scrolls
 d - 4 scrolls of amnesia
 f - 5 scrolls of enchant weapon
 i - 5 scrolls of identify {@r1}
 j - 11 scrolls of remove curse {@r2}
 k - 2 scrolls of noise
 l - 3 scrolls of teleportation
 o - a scroll of fear {unknown}
 s - 3 scrolls of blinking
 t - 3 scrolls of immolation {unknown}
 v - 2 scrolls of enchant armour {unknown}
 y - a scroll of brand weapon {unknown}
 C - a scroll of fog {unknown}
 D - 2 scrolls of summoning {unknown}
 K - a scroll of silence {unknown}
 M - 2 scrolls of magic mapping {unknown}
Potions
 e - 5 potions of lignification
 g - 3 potions of curing {@q1}
 n - 2 potions of flight
 q - 4 potions of agility
 u - a potion of invisibility
 w - a potion of magic {unknown}
 x - 2 potions of ambrosia
 B - a potion of heal wounds {unknown}
 N - 3 potions of mutation {unknown}
 U - a potion of degeneration {unknown}
Miscellaneous
 J - a box of beasts
Comestibles
 c - 8 rations


   Skills:
 + Level 11.9 Fighting
 + Level 11.9 Long Blades
 + Level 11.6 Armour
 + Level 10.8 Dodging


You had 10 spell levels left.
You didn't know any spells.

Dungeon Overview and Level Annotations

Branches:
Dungeon (11/15)            Temple (0/1) D:4            Lair (1/6) D:9
    Orc (0/2) D:11

Altars:
Ashenzari
Dithmenos
Fedhas
Hepliaklqana
Kikubaaqudgha
Trog
Uskayaw
Vehumet
Wu Jian
Xom
Zin
The Shining One

Shops:
D:6 [   D:7 ?

Annotations:
Lair:1 Sonja


Innate Abilities, Weirdness & Mutations

You reflexively headbutt those who attack you in melee.
You have a pair of horns on your head.


Message History

There is a gateway leading deeper into the Abyss here.
A starcursed mass splits.
You plunge deeper into the Abyss.
The abyssal rune of Zot can be found at this depth.
Found a white potion and 28 gold pieces.
A worldbinder coalesces out of seething chaos.
Found 2 silvery potions.
An ugly thing and 3 very ugly things come into view.
The white very ugly thing gurgles horribly! x2
The white very ugly thing basks in the mutagenic energy from its kin and changes!
The white very ugly thing gurgles horribly!
The white very ugly thing punches you!
The white very ugly thing freezes you!!!
* * * LOW HITPOINT WARNING * * *
The white very ugly thing barely misses you.
You furiously retaliate!
You headbutt the white very ugly thing. The white very ugly thing punches you!
* * * LOW HITPOINT WARNING * * *
The white very ugly thing freezes you!!!
You die...

≈≈≈#.#. #..#.#
.#.#..# #.....##
##..#.≈..#.#.#.###.
....#≈# # ...#...#
#....#≈###....###
#.≈u≈#.#....#.
≈#≈#uu≈#..# ##.#
.≈....≈#.## .
#.##@#.# . #....u##
.. #≈.#...#
#≈.#.#.## ..≈≈#####
#.≈≈≈ ..≈#.# . .##.
#. ##


You could see 3 very ugly things and a white ugly thing.

Vanquished Creatures
  Erica (D:9)
  4 two-headed ogres
  Urug (D:10)
  Nergalle (Lair:1)
  The ghost of Guenter the Ruffian, a novice VSWn (D:6)
  2 oklob plants (Lair:1)
  A black mamba (Lair:1)
  A komodo dragon (Lair:1)
  The ghost of partyfoot3 the Sneak, an amateur NaAr of the Shining One (D:4)
  2 trolls
  2 hippogriffs
  A wyvern (D:10)
  A steam dragon (D:11)
  Grum (Lair:1)
  3 hungry ghosts
  A water moccasin (Lair:1)
  2 porcupines (Lair:1)
  2 ice beasts
  5 orc warriors
  2 sky beasts
  A phantom (D:5)
  An eye of draining (D:11)
  7 ogres
  4 wolves (Lair:1)
  4 centaurs
  2 crocodiles (Lair:1)
  3 big kobolds (D:11)
  4 bullfrogs
  2 gnoll sergeants (D:11)
  2 scorpions
  2 water moccasin skeletons
  10 wights
  An electric eel (Lair:1)
  6 howler monkeys
  6 crimson imps
  2 bullfrog zombies
  A quasit (D:8)
  8 hounds
  A bullfrog skeleton (D:8)
  2 jellies
  2 centaur skeletons
  9 orc priests
  3 iguanas
  5 orc wizards
  5 worker ants
  A hound skeleton (D:11)
  2 worker ant zombies
  22 gnolls
  A howler monkey skeleton (D:9)
  14 adders
  2 shadow imps
  3 adder zombies
  A worm (D:5)
  3 dart slugs
  6 leopard geckos
  39 orcs
  7 giant cockroaches
  15 goblins
  6 hobgoblins
  8 jackals
  2 quokkas
  8 bats
  4 frilled lizards (D:2)
  11 kobolds
  A leopard gecko skeleton (D:4)
  4 rats
  A plant (Lair:1)
289 creatures vanquished.

Vanquished Creatures (others)
  A fungus (Lair:1)
1 creature vanquished.

Grand Total: 290 creatures vanquished

Notes
Turn   | Place    | Note
-------+----------+-------------------------------------------
     0 | D:1      | b5mith the Minotaur Berserker began the quest for the Orb.
     0 | D:1      | Reached XP level 1. HP: 19/19 MP: 0/0
    93 | D:1      | Reached XP level 2. HP: 22/27 MP: 1/1
   656 | D:2      | Found a hazy altar of Hepliaklqana.
   661 | D:2      | Found an ancient bone altar of Kikubaaqudgha.
   667 | D:2      | Reached ** piety under Trog
   775 | D:2      | Found a shattered altar of Ashenzari.
   802 | D:2      | Reached XP level 3. HP: 33/33 MP: 2/2
  1191 | D:2      | Noticed an ogre
  1199 | D:2      | Killed an ogre
  1199 | D:2      | Reached XP level 4. HP: 14/41 MP: 3/3
  1199 | D:2      | Reached XP level 5. HP: 16/47 MP: 4/4
  2307 | D:3      | Reached skill level 5 in Fighting
  2864 | D:4      | Reached skill level 5 in Long Blades
  2866 | D:4      | Found a staircase to the Ecumenical Temple.
  2898 | D:4      | Reached XP level 6. HP: 56/56 MP: 5/5
  2954 | D:4      | Reached *** piety under Trog
  3499 | D:4      | Noticed partyfoot3's ghost (amateur NaAr)
  3517 | D:4      | Killed partyfoot3's ghost
  3517 | D:4      | Reached skill level 5 in Armour
  3517 | D:4      | Reached XP level 7. HP: 49/62 MP: 6/6
  3613 | D:5      | Entered Level 5 of the Dungeon
  3688 | D:5      | Reached skill level 5 in Dodging
  3807 | D:5      | Reached XP level 8. HP: 65/71 MP: 7/7
  3811 | D:5      | Found a bloodstained altar of Trog.
  4166 | D:5      | Reached **** piety under Trog
  4253 | D:5      | Found a shadowy altar of Dithmenos.
  4253 | D:5      | Found a hide-covered altar of Uskayaw.
  4490 | D:6      | Noticed Guenter's ghost (novice VSWn)
  4510 | D:6      | Killed Guenter's ghost
  4688 | D:6      | Found a blossoming altar of Fedhas.
  4688 | D:6      | Found Uxzimi's Armour Shop.
  4799 | D:6      | Reached XP level 9. HP: 80/81 MP: 8/8
  5757 | D:7      | Reached ***** piety under Trog
  6043 | D:7      | Found a radiant altar of Vehumet.
  6151 | D:7      | Found Iphutih's Magic Scroll Boutique.
  6159 | D:7      | Bought a scroll of blinking for 90 gold pieces
  6684 | D:8      | Noticed a two-headed ogre
  6980 | D:8      | Killed a two-headed ogre
  6980 | D:8      | Reached XP level 10. HP: 54/91 MP: 9/9
  7801 | D:9      | Found a staircase to the Lair.
  7845 | D:9      | Noticed a two-headed ogre
  7851 | D:9      | Killed a two-headed ogre
  7893 | D:9      | Reached skill level 10 in Fighting
  7920 | D:9      | Reached skill level 10 in Long Blades
  7977 | D:9      | Noticed a two-headed ogre
  7984 | D:9      | Killed a two-headed ogre
  8000 | D:9      | Noticed Erica
  8025 | D:9      | Killed Erica
  8025 | D:9      | Reached skill level 10 in Armour
  8556 | D:9      | Found a glowing silver altar of Zin.
  8556 | D:9      | Found an ornate altar of the Wu Jian Council.
  8561 | D:9      | Found a faded altar of an unknown god.
  8563 | D:9      | Found a shimmering altar of Xom.
  8564 | D:9      | Found a glowing golden altar of the Shining One.
  8617 | D:10     | Entered Level 10 of the Dungeon
  8649 | D:10     | Received a gift from Trog
  8652 | D:10     | Got an encrusted fustibalus {god gift}
  8920 | D:10     | Noticed Urug
  8934 | D:10     | Killed Urug
  8934 | D:10     | Reached XP level 11. HP: 11/101 MP: 10/10
  9919 | D:11     | Found a staircase to the Orcish Mines.
  9959 | D:11     | Reached skill level 10 in Dodging
 10378 | D:11     | Noticed a two-headed ogre
 10387 | D:11     | Killed a two-headed ogre
 10967 | Lair:1   | Entered Level 1 of the Lair of Beasts
 11082 | Lair:1   | Noticed an oklob plant
 11084 | Lair:1   | Noticed an oklob plant
 11108 | Lair:1   | Killed an oklob plant
 11115 | Lair:1   | Killed an oklob plant
 11556 | Lair:1   | Noticed Grum
 11582 | Lair:1   | Killed Grum
 12144 | Lair:1   | Noticed Nergalle
 12198 | Lair:1   | Killed Nergalle
 12203 | Lair:1   | Noticed Sonja
 12204 | Lair:1   | Paralysed by Sonja for 3 turns
 12724 | Lair:1   | Paralysed by Sonja for 6 turns
 12731 | Lair:1   | Cast into level 2 of the Abyss (Sonja)
 12763 | Abyss:2  | Noticed a starcursed mass
 12806 | Abyss:3  | Noticed a white very ugly thing
 12806 | Abyss:3  | Noticed a white very ugly thing
 12806 | Abyss:3  | Noticed a white ugly thing
 12806 | Abyss:3  | Noticed a white very ugly thing
 12813 | Abyss:3  | Mangled by a white very ugly thing

Vault maps used:
D:1:      lemuel_arrival_broad_hall
D:2:      minitemple
D:3:      first_ration
D:4:      corexii_shantytown, minmay_temple_entry_water_ring,
          minmay_misc_feat_alley, minmay_fountain_box
D:5:      bloody_trog, gammafunk_temple_overflow_statue,
          kennysheep_generic_room_5
D:6:      fedhas_altar_1, serial_shops, shop
D:7:      vehumet_crystals, serial_shops, shop
D:9:      chequers_temple_overflow_minitemple, lair_entry_dummy, uniq_erica
D:10:     uniq_urug
D:11:     kennysheep_orc_monster_closet_entryway
Lair:1:   infiniplex_staircase_pool, minmay_lair_oklob_chamber, uniq_sonja,
          uniq_nergalle, uniq_grum
Abyss:3:  hangedman_abyss_sting

Skill      XL: |  1  2  3  4  5  6  7  8  9 10 11 |
---------------+----------------------------------+-----
Long Blades    | 4 5 6 7 9 10 11 | 11.9
Fighting       | 4 5 6 7 9 10 11 | 11.9
Armour         | 3 4 5 6 7 9 10 11 | 11.6
Dodging        | 3 4 5 6 8 9 10 | 10.8

Action                   |  1- 3 |  4- 6 |  7- 9 | 10-12 || total
-------------------------+-------+-------+-------+-------++-------
Melee: Falchion          |    70 |   137 |   290 |    39 ||   536
       Headbutt          |     8 |    21 |    90 |    94 ||   213
       Scimitar          |       |       |       |   249 ||   249
       Double sword      |       |       |       |    48 ||    48
Throw: Tomahawk          |       |       |       |     3 ||     3
Invok: Berserk           |     1 |       |     4 |     5 ||    10
  Use: Scroll            |       |       |     6 |     8 ||    14
       Potion            |       |       |     1 |     1 ||     2
 Stab: Invisible         |       |       |       |     3 ||     3
  Eat: Chunk             |     1 |     8 |    14 |    14 ||    37
       Ration            |       |       |       |     5 ||     5
Armor: Animal skin       |     4 |       |       |       ||     4
       Ring mail         |    22 |    49 |    48 |    52 ||   171
       Steam dragon scal |       |       |       |    29 ||    29
Dodge: Dodged            |    40 |    70 |   170 |   261 ||   541
       Rpst.: Falchion   |    12 |    13 |    37 |     6 ||    68
       Scimitar          |       |       |       |    36 ||    36
       Double sword      |       |       |       |     3 ||     3

Table legend:
 A = Spawn XP
 B = Non-spawn XP
 C = Spawn XP percentage of total XP
 D = Spawn monster count
 E = Non-spawn monster count
 F = Spawn count percentage of total count
 G = Total turns spent on level
                    A         B        C        D         E        F      G
               +---------+---------+-------+---------+---------+-------+---------
         Total |       0 |   20185 |   0.0 |       0 |     288 |   0.0 | 12813
               +---------+---------+-------+---------+---------+-------+---------
           D:1 |       0 |      37 |   0.0 |       0 |      20 |   0.0 |   652
           D:2 |       0 |     192 |   0.0 |       0 |      19 |   0.0 |  1226
           D:3 |       0 |      65 |   0.0 |       0 |       8 |   0.0 |   920
           D:4 |       0 |     604 |   0.0 |       0 |      44 |   0.0 |   815
           D:5 |       0 |     904 |   0.0 |       0 |      26 |   0.0 |   783
           D:6 |       0 |    1524 |   0.0 |       0 |      29 |   0.0 |  1033
           D:7 |       0 |    1213 |   0.0 |       0 |      33 |   0.0 |  1394
           D:8 |       0 |    1735 |   0.0 |       0 |      18 |   0.0 |   914
           D:9 |       0 |    3950 |   0.0 |       0 |      25 |   0.0 |   889
          D:10 |       0 |    1965 |   0.0 |       0 |      12 |   0.0 |  1072
          D:11 |       0 |    3623 |   0.0 |       0 |      36 |   0.0 |  1269
        Lair:1 |       0 |    4373 |   0.0 |       0 |      18 |   0.0 |  1764
               +---------+---------+-------+---------+---------+-------+---------
